 Dungeon Crawl Stone Soup version 0.25.1-2-g60ff931df9 (webtiles) character file.

Game seed: 6298871969376858552

13 H0rd4k the Insei (level 2, 0/18 HPs)
             Began as an Octopode Transmuter on Aug 27, 2020.
             Slain by a kobold (2 damage)
             ... on level 1 of the Dungeon.
             The game lasted 00:00:26 (405 turns).

H0rd4k the Insei (Octopode Transmuter)               Turns: 405, Time: 00:00:27

Health: 0/18       AC:  1    Str:  9    XL:     2   Next: 37%
Magic:  5/5        EV: 13    Int: 15    God:
Gold:   71         SH:  0    Dex: 12    Spells: 4/5 levels left

rFire    . . .     SeeInvis .     - Unarmed
rCold    . . .     Gourm    .   (no shield)
rNeg     . . .     Faith    .   (helmet restricted)
rPois    .         Spirit   .   (no amulet)
rElec    .         Reflect  .   (no ring)
rCorr    .         Harm     .   (no ring)
MR       .....                  (no ring)
Stlth    ++........             (no ring)
HPRegen  0.06/turn              (no ring)
MPRegen  0.09/turn              (no ring)
                                (no ring)
                                (no ring)

@: no status effects
A: almost no armour, stealthy swim, amphibious, 8 rings, constrict 8, camouflage
1, gelatinous body 1
a: no special abilities


You were on level 1 of the Dungeon.
You were not hungry.

You visited 1 branch of the dungeon, and saw 1 of its levels.

You collected 71 gold pieces.

Inventory:

Missiles
 a - 12 arrows
Scrolls
 g - a scroll of enchant armour {unknown}
Potions
 d - a potion of might {unknown}
 e - a potion of curing {unknown}
 f - a potion of brilliance {unknown}
Comestibles
 b - 3 chunks of flesh
 c - 2 rations


   Skills:
 + Level 1.0 Fighting
 + Level 2.2 Dodging
 + Level 0.5 Stealth
 + Level 3.1 Unarmed Combat
 * Level 2.2 Spellcasting
 * Level 2.1 Transmutations


You had 4 spell levels left.
You knew the following spells:

 Your Spells              Type           Power        Failure   Level  Hunger
a - Beastly Appendage     Tmut           #.....       9%          1    #......

Your spell library contained the following spells:

 Spells                   Type           Power        Failure   Level  Hunger
 Sticks to Snakes         Tmut           #.......     14%         2    ###....
 Spider Form              Tmut/Pois      #.........   38%         3    ###....
 Ice Form                 Ice/Tmut       #.......     80%         4    #####..
 Blade Hands              Tmut           #.........   94%         5    ######.


Dungeon Overview and Level Annotations

Branches:
Dungeon (1/15)

Altars:


Innate Abilities, Weirdness & Mutations

You cannot wear most types of armour.
You are very stealthy in the water. (Stealth+)
You are amphibious.
You can wear up to eight rings at the same time.
You can use your tentacles to constrict eight enemies at once.
Your skin changes colour to match your surroundings (Stealth+).
Your rubbery body absorbs attacks. (AC +1, EV +1)


Message History

Found a scroll labeled CAS QIMATUYTU.
The kobold throws a stone.
The stone hits you. The hobgoblin closely misses you.
You see here a stone.
You barely miss the hobgoblin. You grab the hobgoblin.
You squeeze the hobgoblin.
You kill the hobgoblin!
The kobold throws a stone.
The stone hits you.
The kobold enters a dispersal trap!
The kobold blinks!
The hobgoblin blinks!
You blink.
The kobold blinks!
You tentacle-slap the kobold but do no damage.
Your grab misses the kobold. The kobold hits you.
* * * LOW HITPOINT WARNING * * *
You closely miss the kobold. You grab the kobold.
You constrict the kobold, but do no damage.
The kobold hits you.
* * * LOW HITPOINT WARNING * * *
You tentacle-slap the kobold but do no damage.
You constrict the kobold. The kobold hits you.
You die...

#.### ##......((.....###.# #...##
#......K((..$###..# ###..##
#.#.#..####### #.## ##..#
#.#..^.# #.## #####.###
##)....### ###.##
........######....#...# #.(...
#######..........####.# #.....
#.....###KK# #.# ###..... ###
#####.....@####.####....... ..##
#####.)........#......#.....
#..###......###.#.....####.#.....
...................##......#.....
#≈#P.....P#≈#P.....##...##.#..(..
#≈##P...P##≈##P....##...##.......
≈≈≈≈..<..≈≈≈≈≈.....#..÷....#.....
#≈##P...P##≈##P..###.......##.###
#≈#P.....P#≈#P.............##.#


You could see 2 kobolds.

Vanquished Creatures
  A giant cockroach (D:1)
  2 goblins (D:1)
  A hobgoblin (D:1)
  2 ball pythons (D:1)
  3 bats (D:1)
  A kobold (D:1)
  3 rats (D:1)
13 creatures vanquished.

Notes
Turn   | Place    | Note
-------+----------+-------------------------------------------
     0 | D:1      | H0rd4k the Octopode Transmuter began the quest for the Orb.
     0 | D:1      | Reached XP level 1. HP: 13/13 MP: 3/3
   284 | D:1      | Reached XP level 2. HP: 18/18 MP: 5/5
   405 | D:1      | Slain by a kobold

Illustrated notes

Levels and vault maps discovered:
D:1:      eino_arrival_water_cross, layout_rooms

Action                   || total
-------------------------++-------
Melee: Unarmed           ||    26
       Constrict         ||     8
       Tentacles         ||     4
 Stab: Sleeping          ||     7
Armor: Skin              ||     4
Dodge: Dodged            ||    23
